 Dungeon Sprint DCSS version 0.21-a0-72-gbbb65ab (webtiles) character file.

464 Kidiri the Skirmisher (level 6, -3/52 HPs)
             Began as a Demonspawn Transmuter on June 20, 2017.
             Was an Elder of Wu Jian.
             Slain by a demonic crawler (8 damage)
             ... in the Dungeon (Sprint VII: "The Pits").
             The game lasted 00:04:13 (529 turns).

Kidiri the Skirmisher (Demonspawn Transmuter)        Turns: 529, Time: 00:04:14

Health: -3/52      AC:  2    Str: 12    XL:     6   Next: 80%
Magic:  14/14      EV: 15    Int: 15    God:    Wu Jian [****..]
Gold:   0          SH:  0    Dex: 13    Spells: 2/15 levels left

rFire    . . .     SeeInvis .     - Unarmed
rCold    . . .     Gourm    .   (no shield)
rNeg     . . .     Faith    .   b - +0 robe
rPois    .         Spirit   .   (no helmet)
rElec    .         Reflect  .   (no cloak)
rCorr    .         Harm     .   (no gloves)
MR       .....     NoTele   +   (no boots)
Stlth    ++........             (no amulet)
HPRegen  0.17/turn              (no ring)
MPRegen  0.14/turn              (no ring)

@: exhausted, berserk cooldown, slowed, very slow
A: demonic guardian 1, spiny 1
a: Serpent's Lash, Renounce Religion


You were in the Dungeon.
You worshipped Wu Jian.
Wu Jian was greatly pleased with you.
You were not hungry.

You visited 1 branch

Inventory:

Missiles
 a - 12 arrows
Armour
 b - a +0 robe (worn)
Scrolls
 j - a scroll of blinking
 m - 3 scrolls of remove curse
 n - 5 scrolls of amnesia
 o - a scroll of summoning
Potions
 e - 6 potions of curing
 g - a potion of haste
 h - 4 potions of magic
 i - 2 potions of berserk rage
 k - 3 potions of heal wounds
 l - 2 potions of invisibility
Books
 c - a book of Changes

   Spells                             Type                      Level
   a - Beastly Appendage              Transmutation                1
   b - Sticks to Snakes               Transmutation                2
   c - Spider Form                    Transmutation/Poison         3
   d - Ice Form                       Ice/Transmutation            4
   e - Blade Hands                    Transmutation                5
Comestibles
 d - 8 bread rations
 p - 40 fruits
 q - 7 meat rations


   Skills:
 * Level 5.8 Fighting
 + Level 3.5 Armour
 * Level 5.4 Dodging
 + Level 3.9 Stealth
 * Level 5.8 Unarmed Combat
 * Level 5.4 Spellcasting
 * Level 5.3 Transmutations
 + Level 2.2 Ice Magic
 + Level 2.8 Poison Magic


You had 2 spell levels left.
You knew the following spells:

 Your Spells              Type           Power        Failure   Level  Hunger
a - Beastly Appendage     Tmut           ###...       1%          1    None
b - Spider Form           Tmut/Pois      ###.......   9%          3    ###....
c - Ice Form              Ice/Tmut       ###.....     32%         4    ####...
d - Blade Hands           Tmut           ###.......   43%         5    ######.


Dungeon Overview and Level Annotations

Branches:
Dungeon (1/1)

Altars:
Ashenzari
Cheibriados
Dithmenos
Elyvilon
Fedhas
Gozag
Hepliaklqana
Kikubaaqudgha
Makhleb
Nemelex Xobeh
Okawaru
Qazlal
Ru
Sif Muna
Trog
Uskayaw
Vehumet
Wu Jian
Xom
Yredelemnul
Zin
The Shining One
Beogh
Jiyva
Lugonu


Innate Abilities, Weirdness & Mutations

A weak demonic guardian rushes to your aid.
You are partially covered in sharp spines.


Message History

Your quasit claws the demonic crawler.
You are no longer berserk.
You are exhausted.
You feel yourself slow down.
Your quasit closely misses the demonic crawler.
Your quasit barely misses the demonic crawler.
Your quasit claws the demonic crawler but does no damage.
Unknown command.
Your quasit disappears in a puff of smoke!
Things that are here:
a whip; an inedible chunk of flesh; a big kobold skeleton Your muscles tense, ready for explosive movement...
You spin and attack the demonic crawler with incredible momentum.
You punch the demonic crawler!
The demonic crawler is lightly wounded.
Zoom!
SWOOSH!
Unknown command.
The demonic crawler hits you!
You die...

#.#.....#..##.....
#.#.....#))#####+#
#.###+###))##.....
#.#.)...#))##.....
#.#.....#[[##.....
#.####+##+###...<.
#.#.).)....##.....
#.#.(......##.....
#@###########.....
#(s.55..# ######
#.###)..#
#.#.....#
#.#.).#.#+#
#.%...#.#5+
#...###.#'#
#.......'.#
###########


You could see a demonic crawler and 2 friendly quasits.

Vanquished Creatures
  A floating eye (D)
  A scorpion (D)
  An orc wizard (D)
  A gnoll (D)
  An adder (D)
  An ufetubus (D)
  An adder zombie (D)
  A leopard gecko (D)
  2 orcs (D)
  A goblin (D)
  A frilled lizard (D)
  A kobold (D)
13 creatures vanquished.

Vanquished Creatures (collateral kills)
  2 hungry ghosts (D)
  A big kobold (D)
  A river rat (D)
4 creatures vanquished.

Vanquished Creatures (others)
  A ball python (D)
1 creature vanquished.

Grand Total: 18 creatures vanquished

Notes
Turn   | Place    | Note
-------+----------+-------------------------------------------
     0 | D        | Kidiri the Demonspawn Transmuter began the quest for the Orb.
     0 | D        | Reached XP level 1. HP: 15/15 MP: 3/3
    47 | D        | Found a bloodstained altar of Trog.
    47 | D        | Found a deep blue altar of Sif Muna.
    47 | D        | Found a viscous altar of Jiyva.
    47 | D        | Found a hazy altar of Hepliaklqana.
    47 | D        | Found an opulent altar of Gozag.
    48 | D        | Found a glowing golden altar of the Shining One.
    48 | D        | Found a glowing silver altar of Zin.
    48 | D        | Found a basalt altar of Yredelemnul.
    48 | D        | Found a shimmering altar of Xom.
    48 | D        | Found an ornate altar of the Wu Jian Council.
    48 | D        | Found a sacrificial altar of Ru.
    48 | D        | Found a stormy altar of Qazlal.
    48 | D        | Found an iron altar of Okawaru.
    48 | D        | Found a sparkling altar of Nemelex Xobeh.
    48 | D        | Found a burning altar of Makhleb.
    48 | D        | Found a blossoming altar of Fedhas.
    48 | D        | Found a white marble altar of Elyvilon.
    48 | D        | Found a shadowy altar of Dithmenos.
    48 | D        | Found a snail-covered altar of Cheibriados.
    50 | D        | Found a radiant altar of Vehumet.
    50 | D        | Found a corrupted altar of Lugonu.
    50 | D        | Found a roughly hewn altar of Beogh.
    51 | D        | Found a hide-covered altar of Uskayaw.
    51 | D        | Found an ancient bone altar of Kikubaaqudgha.
    51 | D        | Found a shattered altar of Ashenzari.
    57 | D        | Became a worshipper of the Wu Jian Council
    76 | D        | Noticed a floating eye
    78 | D        | Paralysed by a floating eye for 2 turns
    86 | D        | Paralysed by a floating eye for 2 turns
    91 | D        | Killed a floating eye
    91 | D        | Gained mutation: You are partially covered in sharp spines. [demonic ancestry]
    91 | D        | Reached XP level 2. HP: 25/25 MP: 1/6
    91 | D        | Gained mutation: A weak demonic guardian rushes to your aid. [demonic ancestry]
    91 | D        | Reached XP level 3. HP: 30/30 MP: 1/8
    91 | D        | Reached XP level 4. HP: 37/37 MP: 1/9
   102 | D        | Learned a level 3 spell: Spider Form
   107 | D        | Learned a level 4 spell: Ice Form
   172 | D        | Reached * piety under Wu Jian
   332 | D        | Reached ** piety under Wu Jian
   333 | D        | Reached skill level 1 in Poison Magic
   333 | D        | Reached XP level 5. HP: 43/43 MP: 7/11
   401 | D        | Noticed a hungry ghost
   402 | D        | Noticed a hungry ghost
   414 | D        | Reached skill level 1 in Ice Magic
   422 | D        | Killed a hungry ghost
   422 | D        | Reached skill level 5 in Fighting
   422 | D        | Reached skill level 5 in Dodging
   422 | D        | Reached skill level 5 in Unarmed Combat
   422 | D        | Reached skill level 5 in Spellcasting
   422 | D        | Reached XP level 6. HP: 48/51 MP: 8/13
   427 | D        | Reached *** piety under Wu Jian
   427 | D        | Reached skill level 5 in Transmutations
   433 | D        | Killed a hungry ghost
   433 | D        | Reached **** piety under Wu Jian
   492 | D        | Learned a level 5 spell: Blade Hands
   506 | D        | Noticed a demonic crawler
   529 | D        | Slain by a demonic crawler

Vault maps used:
D:        pitsprint

Skill      XL: |  1  2  3  4  5  6 |
---------------+-------------------+-----
Fighting       | 3 4 5 |  5.8
Armour         | 2 3 |  3.5
Dodging        | 3 4 5 |  5.4
Stealth        | 2 3 |  3.9
Unarmed Combat | 4 5 |  5.8
Spellcasting   | 3 4 5 |  5.4
Transmutations | 3 4 5 |  5.3
Poison Magic   | 1 2 |  2.8
Ice Magic      | 1 2 |  2.2

Action                   |  1- 3 |  4- 6 || total
-------------------------+-------+-------++-------
Melee: Unarmed           |     8 |    58 ||    66
       Headbutt          |     1 |       ||     1
 Cast: Beastly Appendage |     3 |       ||     3
       Spider Form       |       |     6 ||     6
Invok: Serpent's Lash    |       |     1 ||     1
  Use: Potion            |     1 |     3 ||     4
 Stab: Sleeping          |     2 |       ||     2
       Distracted        |       |     1 ||     1
  Eat: Chunk             |       |     2 ||     2
Armor: Skin              |       |     5 ||     5
       Robe              |       |     2 ||     2
Dodge: Dodged            |       |    96 ||    96
